Map: Ascension to Aiur LE

Players

Pepsi - Winner!

  • Race: Protoss Protoss
  • League: Diamond
  • Spawn Location: 11:00

Nevadasaurus

  • Race: Zerg Zerg
  • League: Diamond
  • Spawn Location: 5:00

VOD

Have the link to the VOD?

Description

Time

  • Played on: Nov. 27, 2017, 5:35 a.m.
  • Length: 12:20
Show
View Real Time Build Order
Export as new Build Order

Pepsi Protoss - Winner!

Build Orders: Zealot Archon, Dark Templar Rush 

Get SALT Encoding   

  12  0:01  Probe  
  13  0:13  Probe  
  14  0:24  Pylon  
  14  0:25  Probe  
  15  0:39  Assimilator  
  15  0:42  Probe  
  16  0:51  Gateway  
  16  0:57  Probe  
  16  0:58  Assimilator  
  17  1:09  Probe  
  18  1:15  Pylon  
  18  1:21  Probe  
  19  1:48  Nexus  
  19  2:02  Cybernetics Core  
  19  2:16  Gateway  
  19  2:23  Probe  
  20  2:36  Probe  
  21  2:39  Adept (Chrono Boost)  
  23  2:48  Twilight Council  
  23  2:52  Probe (Chrono Boost)  
  24  2:59  Warp Gate (Chrono Boost)  
  24  3:04  Pylon, Probe (Chrono Boost)  
  25  3:16  Shield Battery  
  25  3:17  Probe  
  25  3:19  Probe  
  27  3:31  Dark Shrine  
  27  3:41  Gateway  
  27  3:53  Robotics Facility  
  27  4:00  Stalker (Chrono Boost)  
  29  4:08  Probe x2  
  31  4:20  Probe, Gateway  
  31  4:21  Probe  
  33  4:32  Probe  
  33  4:33  Probe  
  35  4:44  Probe  
  35  4:45  Probe  
  37  4:46  Warp Prism (Chrono Boost)  
  37  4:49  Charge  
  39  4:56  Probe  
  39  4:57  Probe  
  41  5:07  Assimilator  
  41  5:08  Probe  
  41  5:09  Probe  
  41  5:12  Assimilator  
  43  5:15  Pylon  
  43  5:18  Shield Battery  
  43  5:20  Probe  
  44  5:21  Probe  
  44  5:27  Immortal (Chrono Boost)  
  49  5:32  Probe  
  49  5:33  Probe  
  51  5:44  Dark Templar x3  
  51  5:45  Probe  
  51  5:48  Dark Templar  
  60  5:57  Archon x2  
  60  6:07  Pylon  
  60  6:08  Pylon  
  60  6:11  Probe x2  
  62  6:25  Probe, Immortal  
  67  6:30  Probe  
  68  6:37  Probe  
  69  6:54  Adept x2  
  71  6:55  Adept x2  
  77  7:09  Immortal  
  73  7:42  Zealot  
  73  7:43  Zealot  
  77  7:52  Gateway x2  
  77  7:57  Gateway x2  
  77  7:58  Gateway  
  77  8:00  Pylon  
  77  8:02  Pylon  
  77  8:04  Pylon  
  77  8:06  Pylon  
  77  8:18  Immortal (Chrono Boost)  
  81  8:29  Zealot x4  
  89  8:48  Forge, Immortal  
  93  8:51  Gateway  
  93  8:52  Gateway  
  93  8:58  Dark Templar x5  
  93  8:59  Dark Templar x2  
  107  9:09  Forge  
  107  9:10  Nexus  
  107  9:21  Pylon  
  107  9:22  Pylon  
  106  9:24  Pylon  
  106  9:26  Stalker x2  
  106  9:28  Assimilator  
  106  9:29  Immortal  
  105  9:32  Assimilator  
  99  9:39  Stalker  
  85  10:01  Archon x3  
  67  11:01  Stalker x3  
Show
View Real Time Build Order
Export as new Build Order

Nevadasaurus Zerg 

Build Orders: Hatch First 

Get SALT Encoding   

  12  0:01  Drone  
  13  0:12  Overlord  
  13  0:17  Drone  
  14  0:23  Drone, Extractor  
  15  0:30  Drone  
  16  0:50  Hatchery  
  16  0:56  Drone  
  16  1:00  Extractor  
  15  1:12  Spawning Pool  
  15  1:18  Drone  
  15  1:25  Drone  
  16  1:28  Drone  
  17  1:35  Drone  
  18  1:40  Overlord  
  18  2:02  Queen x2  
  18  2:06  Drone, Extractor  
  22  2:12  Metabolic Boost  
  22  2:20  Zergling x2  
  22  2:21  Zergling x2  
  24  2:23  Drone  
  24  2:29  Drone  
  26  2:45  Roach Warren  
  25  3:04  Drone  
  25  3:05  Drone x2  
  28  3:06  Drone x2  
  28  3:07  Drone  
  31  3:20  Lair  
  31  3:26  Roach  
  33  3:29  Roach  
  35  3:34  Drone  
  35  3:37  Overlord  
  36  3:43  Overlord  
  36  3:54  Extractor  
  36  3:55  Drone  
  36  4:02  Roach x3  
  42  4:03  Drone  
  42  4:07  Drone  
  44  4:13  Drone, Roach  
  47  4:25  Glial Reconstitution  
  47  4:29  Burrow  
  47  4:31  Queen  
  47  4:36  Drone  
  47  4:37  Drone  
  51  4:38  Drone  
  52  4:45  Overlord  
  52  4:48  Overlord  
  52  4:54  Overlord  
  52  5:05  Spire  
  50  5:22  Drone x3, Roach x2  
  50  5:24  Hydralisk Den  
  50  5:25  Drone  
  50  5:26  Extractor  
  56  5:33  Drone x2  
  56  5:34  Drone  
  59  5:36  Drone  
  59  5:41  Drone  
  61  5:52  Drone  
  61  5:53  Drone x3  
  65  6:05  Evolution Chamber x2  
  65  6:07  Drone x3  
  66  6:13  Hydralisk  
  66  6:14  Hydralisk  
  66  6:16  Hydralisk x2  
  74  6:25  Pneumatized Carapace  
  74  6:38  Overlord x4  
  74  6:39  Overlord  
  74  6:51  Spore Crawler  
  71  6:54  Spore Crawler  
  71  6:55  Spore Crawler  
  71  6:57  Zerg Missile Weapons Level 1  
  63  7:07  Roach x3  
  66  7:22  Drone x4  
  66  7:23  Drone  
  67  7:36  Drone x2  
  69  7:38  Queen  
  71  7:58  Hydralisk Den  
  60  8:23  Mutalisk x2  
  60  8:24  Mutalisk x2  
  60  8:25  Mutalisk x4  
  76  8:28  Drone  
  77  8:37  Drone x2  
  79  8:42  Muscular Augments  
  79  8:49  Drone x2  
  79  8:51  Drone  
  82  9:01  Zerg Missile Weapons Level 2  
  82  9:05  Drone  
  82  9:08  Drone  
  82  9:09  Drone  
  85  9:14  Drone x2  
  87  9:24  Overlord x2  
  87  9:41  Hydralisk  
  87  9:43  Overlord x3  
  89  9:56  Hydralisk x4  
  97  10:01  Drone x2  
  97  10:06  Drone x2  
  101  10:22  Drone x4  
  101  10:23  Hydralisk  
  101  10:24  Hydralisk x2  
  111  10:38  Infestation Pit  
  111  10:42  Drone x2  
  112  10:55  Hydralisk  
  112  10:56  Hatchery, Hydralisk  
  115  11:15  Hydralisk x3  
  115  11:16  Hydralisk x3  
  107  11:26  Hydralisk x3  
  83  11:41  Roach x2  
Tags
 
Add a new tag
Caveats
  • Supply blocks, unpowered buildings, or Contaminate may cause inaccurate times.
  • Supply counts are checked every 10 seconds.